 Dungeon Crawl Stone Soup version 0.19-a0-628-g9200b3b (webtiles) character file.

413 Leszczynek the Basher (level 6, -3/55 HPs)
             Began as an Ogre Artificer on June 13, 2016.
             Slain by a river rat (7 damage)
             ... summoned by Eustachio
             ... on level 4 of the Dungeon.
             The game lasted 00:09:47 (4307 turns).

Leszczynek the Basher (Ogre Artificer)              Turns: 4307, Time: 00:09:48

Health: -3/55      AC:  9    Str: 22    XL:     6   Next: 91%
Magic:  7/7        EV: 10    Int: 10    God:
Gold:   164        SH:  0    Dex: 12    Spells: 0 memorised, 5 levels left

rFire  . . .     SeeInvis .     n - +2 mace (protect)
rCold  . . .     Gourm    .     b - +0 robe
rNeg   . . .     Faith    .     (no shield)
rPois  +         Spirit   .     (helmet restricted)
rElec  .         Dismiss  .     z - +0 cloak
rCorr  .         Reflect  .     (gloves unavailable)
SustAt .         Harm     .     (boots unavailable)
MR     .....                    (no amulet)
Stlth  ++........               k - ring of poison resistance
                                l - +4 ring of strength

@: not resistant to hostile enchantments, unstealthy
A: unfitting armour, tough skin 1
a: no special abilities


You were on level 4 of the Dungeon.
You were not hungry.

You visited 1 branch of the dungeon, and saw 4 of its levels.

You collected 164 gold pieces.

Inventory:

Hand Weapons
 n - a +2 mace of protection (weapon)
 y - a +0 flail
Missiles
 u - 8 needles of confusion
 w - 12 tomahawks (quivered)
 x - 24 sling bullets
Armour
 b - a +0 robe (worn)
 z - a +0 cloak (worn)
Jewellery
 k - a ring of poison resistance (right hand)
 l - a +4 ring of strength (left hand)
Wands
 c - a wand of flame (6/48)
 d - a wand of enslavement (15/24)
 e - a wand of random effects (14/48)
Scrolls
 g - 4 scrolls of identify {unknown}
 m - a scroll of random uselessness {unknown}
 o - a scroll of magic mapping {unknown}
 q - a scroll of blinking {unknown}
 s - a scroll of remove curse {unknown}
 A - a scroll of enchant armour {unknown}
Potions
 h - a potion of resistance {unknown}
 i - a potion of berserk rage {unknown}
 j - a potion of might {unknown}
 r - 2 potions of cancellation {unknown}
 t - a potion of flight {unknown}
Comestibles
 a - a meat ration
 f - 4 bread rations
 v - a slice of pizza


   Skills:
 - Level 1.3 Fighting
   Level 0.5 Short Blades
 + Level 8.0 Maces & Flails
 - Level 1.7 Dodging
 - Level 2.7 Stealth
 - Level 2.4 Evocations


You had 5 spell levels left.
You didn't know any spells.

Dungeon Overview and Level Annotations

Branches:
Dungeon (4/15)
 Temple: D:4-7

Altars:
Ru

Annotations:
D:4 Eustachio, Pikel


Innate Abilities, Weirdness & Mutations

You are too large for most types of armour.
You have tough skin. (AC +1)


Message History

Eustachio is severely wounded.
The quokka disappears in a puff of smoke!
The river rat bites you but does no damage.
Eustachio hits you with a rapier. The iron imp hits you!
The white imp gestures at you. The puff of frost misses you.
The river rat misses you.
You miss Eustachio.
Eustachio is severely wounded.
The river rat completely misses you. Eustachio hits you but does no damage.
The iron imp closely misses you. The river rat bites you.
The white imp hits you. The white imp freezes you.
* * * LOW HITPOINT WARNING * * *
Unknown command.
You hit Eustachio.
Eustachio is severely wounded.
The river rat bites you.
* * * LOW HITPOINT WARNING * * *
Eustachio hits you but does no damage. The iron imp closely misses you.
The river rat bites you!
You die...

.... #...........
## #..........# ...
..........# ....
##.##......#
.....##..#.......#
......5....%.....##
.....5@@...........
......5rr..........
.>....bb...<.......
...................
...................
#####..............
#..............
#......#####...
#......# ...


You could see Eustachio, an iron imp, 2 river rats, a white imp, an ufetubus and
2 bats.

Vanquished Creatures
  2 slaves
  2 scorpions
  A crimson imp (D:3)
  Jessica (D:2)
  Ijyb (D:4)
  2 worker ants (D:4)
  Robin (D:4)
  7 adders
  A gnoll (D:1)
  2 oozes (D:2)
  A worm (D:2)
  A dart slug (D:3)
  3 giant geckos
  3 orcs
  3 bats
  3 giant cockroaches
  19 goblins
  9 hobgoblins
  4 jackals (D:2)
  2 ball pythons
  5 giant newts
  3 kobolds
  8 rats
84 creatures vanquished.

Notes
Turn   | Place    | Note
--------------------------------------------------------------
     0 | D:1      | Leszczynek the Ogre Artificer began the quest for the Orb.
     0 | D:1      | Reached XP level 1. HP: 19/19 MP: 2/2
     2 | D:1      | Noticed a formicid
     2 | D:1      | Noticed a halfling
     4 | D:1      | Noticed a tengu
     6 | D:1      | Noticed a demigod
     8 | D:1      | Noticed an octopode
     8 | D:1      | Noticed a gargoyle
    10 | D:1      | Noticed an elf
    10 | D:1      | Noticed a troll
    12 | D:1      | Noticed a vine stalker
    12 | D:1      | Noticed a merfolk
    14 | D:1      | Noticed a vampire
    14 | D:1      | Noticed a spriggan
    16 | D:1      | Noticed a draconian
    16 | D:1      | Noticed a minotaur
    18 | D:1      | Noticed an ogre
    20 | D:1      | Noticed a human
    20 | D:1      | Noticed a demonspawn
    22 | D:1      | Noticed a felid
    22 | D:1      | Noticed a centaur
    25 | D:1      | Noticed a ghoul
    27 | D:1      | Noticed a dwarf
    27 | D:1      | Noticed a naga
    41 | D:1      | Reached skill level 1 in Stealth
   237 | D:1      | wow
   239 | D:1      | so i have to fight a gnoll at xl 1
   239 | D:1      | literally no other choice
   239 | D:1      | wow wow
   239 | D:1      | tactical choices
   239 | D:1      | strategy!
   239 | D:1      | orrrrr i can try diving the stairs, let's hope nothing nasty waits thereXD
   239 | D:1      | orrrrrrrrrrr i can willingly shaft myself, very wise, not RNG dependant at all XDXDXDXD
   243 | D:2      | Noticed Jessica
   244 | D:2      | ooops, going down the stairs was a bad idea, WHO WOULD HAVE THOUGHT
   249 | D:2      | Killed Jessica
   249 | D:2      | Reached XP level 2. HP: 16/27 MP: 3/3
   249 | D:2      | Reached XP level 3. HP: 20/33 MP: 4/4
   616 | D:2      | Reached skill level 1 in Maces & Flails
   690 | D:2      | Reached skill level 2 in Maces & Flails
  1130 | D:1      | Reached XP level 4. HP: 41/41 MP: 5/5
  1462 | D:1      | Reached skill level 3 in Maces & Flails
  2081 | D:2      | Reached skill level 4 in Maces & Flails
  2545 | D:3      | Reached XP level 5. HP: 46/48 MP: 6/6
  2626 | D:3      | Found a sacrificial altar of Ru.
  3014 | D:3      | Reached skill level 5 in Maces & Flails
  3190 | D:4      | Reached skill level 6 in Maces & Flails
  3190 | D:4      | Reached XP level 6. HP: 49/55 MP: 7/7
  3197 | D:4      | Noticed Ijyb
  3342 | D:4      | Killed Ijyb
  3377 | D:4      | Noticed Robin
  3415 | D:4      | Killed Robin
  3679 | D:4      | Reached skill level 7 in Maces & Flails
  3733 | D:4      | Noticed Pikel
  3734 | D:4      | Noticed a slave
  3824 | D:4      | Killed a slave
  3924 | D:4      | Noticed a slave
  3925 | D:4      | Noticed a slave
  3986 | D:3      | Killed a slave
  4054 | D:4      | Noticed Eustachio
  4247 | D:3      | Reached skill level 8 in Maces & Flails
  4307 | D:4      | HP: 4/55 [river rat[Eustachio] (5)]
  4307 | D:4      | Slain by a river rat

Vault maps used:
D:1:      kb_arrival_jail
D:2:      first_bread, minmay_misc_feat_roman, uniq_jessica
D:3:      lemuel_crystal_altar
D:4:      kennysheep_the_goblin_king, zin_academy, bloody_makhleb, uniq_robin,
          uniq_eustachio, uniq_pikel

Skill      XL: |  1  2  3  4  5  6 |
---------------+-------------------+-----
Stealth        | 2 |  2.7
Maces & Flails | 2 4 6 8 |  8.0
Fighting       | |  1.3
Short Blades   | |  0.5
Dodging        | |  1.7
Evocations     | |  2.4

Action                   |  1- 3 |  4- 6 || total
-------------------------+-------+-------++-------
Melee: Short sword       |    10 |       ||    10
       Spear             |    84 |    37 ||   121
       Mace              |       |   284 ||   284
Evoke: Wand              |     2 |     8 ||    10
 Stab: Sleeping          |     1 |     3 ||     4
  Eat: Chunk             |     1 |    10 ||    11
Armor: Robe              |    12 |   171 ||   183
Dodge: Dodged            |    27 |   191 ||   218
